 Seeded DCSS version 0.27.1-2-g3b301248ec (webtiles) character file.

Game seed: 12680340248847114526 (custom seed)

114 babuloseo the Magician (level 5, -1/36 HPs)
             Began as a Human Hedge Wizard on Sept 24, 2021.
             Was a Believer of Sif Muna.
             Slain by a worm (10 damage)
             ... on level 3 of the Dungeon.
             The game lasted 00:07:04 (3482 turns).

babuloseo the Magician (Human Hedge Wizard)         Turns: 3482, Time: 00:07:05

Health: -1/36      AC:  4    Str: 11    XL:     5   Next: 19%
Magic:  1/11       EV: 12    Int: 15    God:    Sif Muna [**....]
Gold:   134        SH:  0    Dex: 12    Spells: 1/12 levels left

rFire    . . .     SeeInvis .   n - +0 trident
rCold    . . .     Faith    .   (no shield)
rNeg     . . .     Spirit   .   b - +0 robe
rPois    .         Reflect  .   f - +1 helmet
rElec    .         Harm     .   (no cloak)
rCorr    .         Rampage  .   (no gloves)
Will     +....                  (no boots)
Stlth    ++........             (no amulet)
HPRegen  0.12/turn              i - ring of willpower
MPRegen  0.12/turn              (no ring)

@: very slightly contaminated
A: no striking features
a: Renounce Religion, Channel Magic


You were on level 3 of the Dungeon.
You worshipped Sif Muna.
Sif Muna was pleased with you.
You visited 1 branch of the dungeon, and saw 3 of its levels.

You collected 134 gold pieces.

Inventory:

Hand Weapons
 a - a +0 dagger
 d - a +0 spear
 n - a +0 trident (weapon)
Missiles
 o - 7 javelins
Armour
 b - a +0 robe (worn)
 c - a +0 hat
 f - a +1 helmet (worn)
Jewellery
 i - a ring of willpower (left hand)
 p - an amulet of reflection
Scrolls
 e - a scroll of magic mapping {unknown}
 g - a scroll of silence {unknown}
 h - a scroll of teleportation {unknown}
 j - a scroll of enchant weapon {unknown}
 l - a scroll of immolation {unknown}
Potions
 k - a potion of ambrosia
 m - a potion of haste


   Skills:
 + Level 0.8 Fighting
 - Level 2.0 Dodging
 - Level 2.0 Stealth
 + Level 4.2 Spellcasting
 * Level 2.5 Conjurations
 - Level 1.0 Summonings
 - Level 1.0 Translocations
 * Level 1.1 Fire Magic


You had one spell level left.
You knew the following spells:

 Your Spells              Type           Power      Damage    Failure   Level
a - Magic Dart            Conj           40%        1d5       6%          1
b - Call Imp              Summ           6%         N/A       19%         2
c - Mephitic Cloud        Conj/Pois/Air  5%         N/A       36%         3
d - Conjure Flame         Conj/Fire      8%         6-21      26%         3
e - Blink                 Tloc           N/A        N/A       19%         2

Your spell library contained the following spells:

 Spells                   Type           Power      Damage    Failure   Level
 Slow                     Hex            3%         N/A       26%         2


Dungeon Overview and Level Annotations

Branches:
Dungeon (3/15)

Altars:
Sif Muna
Wu Jian


Message History

The magic dart hits the worm.
The worm is moderately wounded.
Your crimson imp hits the worm.
Casting: Magic Dart (safe; 6% risk of failure)
Confirm with . or Enter, or press ? or * to list all spells.
Aiming: Magic Dart (safe; 6% risk of failure)
Press: ? - help, Shift-Dir - straight line, f/p - worm
Aim: a worm (moderately wounded, ally target, 100% to hit)
You miscast Magic Dart.
You are very lightly contaminated with residual magic.
Nothing appears to happen.
Casting: Magic Dart (safe; 6% risk of failure)
Confirm with . or Enter, or press ? or * to list all spells.
Aiming: Magic Dart (safe; 6% risk of failure)
Press: ? - help, Shift-Dir - straight line, f/p - worm
Aim: a worm (moderately wounded, ally target, 100% to hit)
The magic dart hits the worm.
The worm is heavily wounded.
Your crimson imp hits the worm.
Unknown command.
You are too injured to fight recklessly!
You are too injured to fight recklessly!
You are too injured to fight recklessly!
You are too injured to fight recklessly!
You hit the worm.
The worm is heavily wounded.
The worm bites you.
You hit the worm.
The worm is severely wounded.
Your crimson imp hits the worm.
Your crimson imp barely misses the worm.
You hit the worm.
The worm is almost dead.
Your crimson imp disappears in a puff of smoke!
The worm bites you.
* * * LOW HITPOINT WARNING * * *
You barely miss the worm.
The worm is almost dead.
The worm bites you!
You die...

........#.#..+... #
.#......###..#####
#.....#..........##
#.....#.........#######
##.....#...............#
.......#...............#
.......#...............#
.......#......._.......#
.......#......§w@......#
w..............#########
...............#######
...............#.....#
...#######.....#.....#
...##....#.....#.....#
...##....#.....#.....#
...##....#.....#†....#
...##....#.....'.....#


You could see a worm.

Vanquished Creatures
  Robin (D:2)
  4 adders
  A worm (D:2)
  3 orcs (D:3)
  5 endoplasms
  A giant cockroach (D:2)
  4 goblins
  3 hobgoblins
  4 quokkas
  6 ball pythons
  6 bats
  A frilled lizard (D:2)
  2 kobolds (D:1)
  8 rats
49 creatures vanquished.

Vanquished Creatures (collateral kills)
  An adder (D:3)
  2 worms (D:2)
  A giant cockroach (D:2)
  6 goblins (D:2)
  2 hobgoblins (D:2)
  A ball python (D:2)
  A rat (D:1)
14 creatures vanquished.

Grand Total: 63 creatures vanquished

Notes
Turn   | Place    | Note
-------+----------+-------------------------------------------
     0 | D:1      | babuloseo the Human Hedge Wizard began the quest for the
                  | Orb.
     0 | D:1      | Reached XP level 1. HP: 13/13 MP: 4/4
   180 | D:1      | Reached XP level 2. HP: 7/19 MP: 4/6
   202 | D:1      | Learned a level 2 spell: Call Imp
   584 | D:1      | Found a faded altar of an unknown god.
  1008 | D:1      | Reached XP level 3. HP: 24/24 MP: 8/8
  1367 | D:1      | Became a worshipper of Sif Muna the Loreminder
  1367 | D:1      | Reached * piety under Sif Muna
  1582 | D:2      | Learned a level 3 spell: Mephitic Cloud
  1782 | D:2      | Noticed Robin
  2364 | D:2      | Reached skill level 4 in Spellcasting
  2364 | D:2      | Reached XP level 4. HP: 21/30 MP: 6/10
  2368 | D:2      | Learned a level 3 spell: Conjure Flame
  2371 | D:2      | Learned a level 2 spell: Blink
  2631 | D:2      | Reached ** piety under Sif Muna
  2641 | D:2      | Killed Robin
  2642 | D:2      | Reached skill level 1 in Fire Magic
  2890 | D:3      | Found an ornate altar of the Wu Jian Council.
  3164 | D:3      | Reached XP level 5. HP: 24/36 MP: 5/11
  3482 | D:3      | Slain by a worm

Illustrated notes

Levels and vault maps discovered:
D:1:      minmay_arrival_split_and_join, layout_loops_ring,
          shapermc_ecumenical_altar_starsandcircs
D:2:      layout_rooms, uniq_robin
D:3:      layout_basic, overflow_temple_1_default, grunt_decor_one_mirror

Skill      XL: |  1  2  3  4 |
---------------+-------------+-----
Conjurations   | 2 |  2.5
Spellcasting   | 4 |  4.2
Fire Magic     | 1 |  1.1
Fighting       | |  0.8
Dodging        | |  2.0
Stealth        | |  2.0
Summonings     | |  1.0
Translocations | |  1.0

Action                   |  1- 3 |  4- 6 || total
-------------------------+-------+-------++-------
Melee: Spear             |    99 |       ||    99
       Trident           |    16 |    62 ||    78
 Cast: Magic Dart        |    23 |    21 ||    44
       Call Imp          |    12 |    15 ||    27
       Mephitic Cloud    |     1 |       ||     1
  Use: Scroll            |       |     2 ||     2
 Stab: Sleeping          |     1 |       ||     1
       Distracted        |     1 |       ||     1
Armor: Robe              |    20 |    15 ||    35
Dodge: Dodged            |    62 |    31 ||    93
